Avalanche vs Senateurs
(R1)
Created - February 9, 2019 at 19:20
Goals
|
Avalanche |
3 |
0 |
1 |
4 |
Senateurs |
1 |
0 |
1 |
2 |
|
Shots
|
Avalanche |
11 |
7 |
15 |
33 |
Senateurs |
6 |
4 |
12 |
22 |
|
1st period
1. Avalanche , Andrei Kostitsyn 21 (Paul Stastny 32) at 1:47
2. Avalanche , Patric Hornqvist 24 (Mikkel Boedker 34, Pernell Karl Subban 12) at 3:48
3. Senateurs , Cody Franson 3 (Dan Hamhuis 21, Daniel Briere 30) at 16:21 (PP)
4. Avalanche , Andrei Kostitsyn 22 (Paul Stastny 33) at 17:18 (PP)
Penalties :
Marc-André Bernier (Ott) for High sticking (Minor) at 5:08, Andrew Ladd (Col) for High sticking (Minor) at 15:35, Marian Hossa (Ott) for Slashing (Minor) at 16:38, Ian Cole (Ott) for Charging (Minor) at 18:45
2nd period
No Goal
Penalties :
Patric Hornqvist (Col) for High sticking (Minor) at 2:21, Chris Kunitz (Ott) for Goalie Interference (Minor) at 4:51, Cody Hodgson (Ott) for Hooking (Minor) at 11:44, Marc-André Bernier (Ott) for Tripping (Minor) at 16:27
3rd period
5. Avalanche , Bryan Little 25 (Dan Boyle 9) at 3:49
6. Senateurs , Colby Armstrong 11 (Brooks Orpik 5) at 16:25
Penalties :
Zach Boychuk (Col) for Holding (Minor) at 17:06
Goalie Stats
Semyon Varlamov (Col), 20 saves from 22 shots - (0.909), W, 17-16-2, 60:00 minutes
Ondrej Pavelec (Ott), 29 saves from 33 shots - (0.879), L, 17-19-2, 60:00 minutes
Players Stats for Avalanche
Player Name G A P +/- PIM S H SB GA TA FO MP PP MP PK MP
------------------------------------------------------------------------------------
Alexander Radulov 0 0 0 1 0 6 2 0 0 1 1/1 16:48 4:50 0:00
Andrei Kostitsyn 2 0 2 1 0 6 1 1 0 1 0/1 17:56 4:50 0:41
Andrew Ladd 0 0 0 0 2 4 0 2 0 0 1/3 13:29 0:00 2:06
Bryan Little 1 0 1 1 0 2 4 0 0 1 10/23 19:20 5:45 0:00
Chuck Kobasew 0 0 0 0 0 0 2 1 0 1 1/1 13:48 0:00 2:55
Damien Brunner 0 0 0 0 0 1 1 0 0 0 1/2 9:18 0:00 1:34
Dan Boyle 0 1 1 -1 0 1 0 0 0 0 0/0 20:25 6:21 0:00
Jack Johnson 0 0 0 1 0 0 0 0 1 0 0/0 25:30 4:14 3:02
Johnny Boychuk 0 0 0 -1 0 1 4 1 0 1 0/0 15:26 0:00 1:42
Kyle Turris 0 0 0 0 0 0 0 1 0 0 1/2 7:58 0:00 0:14
Marc Staal 0 0 0 2 0 2 2 0 2 1 0/0 22:37 6:21 3:02
Mattias Ekholm 0 0 0 2 0 1 0 0 0 1 0/0 11:33 0:00 0:00
Maxim Talbot 0 0 0 0 0 0 0 0 1 0 2/5 11:32 0:00 0:59
Mikkel Boedker 0 1 1 1 0 3 0 0 1 0 1/2 19:20 5:45 0:00
Patric Hornqvist 1 0 1 1 2 1 1 0 1 0 0/2 19:50 5:45 0:00
Paul Stastny 0 2 2 1 0 1 4 1 0 0 6/11 17:47 4:50 0:59
Pernell Karl Subban 0 1 1 1 0 1 1 0 0 0 0/0 24:29 4:14 1:42
Zach Boychuk 0 0 0 0 2 3 0 0 0 0 0/0 8:07 0:00 0:00
Players Stats for Senateurs
Player Name G A P +/- PIM S H SB GA TA FO MP PP MP PK MP
------------------------------------------------------------------------------------
Brandon Dubinsky 0 0 0 -1 0 0 0 1 0 0 1/3 7:32 0:00 0:09
Brooks Orpik 0 1 1 1 0 0 2 0 0 0 0/0 11:48 0:00 0:02
Carlo Colaiacovo 0 0 0 1 0 0 1 1 0 1 0/0 11:17 0:00 0:00
Chris Kunitz 0 0 0 0 2 3 1 0 0 0 0/0 15:06 0:00 1:08
Cody Franson 1 0 1 -1 0 2 0 1 3 1 0/0 26:50 2:57 6:47
Cody Hodgson 0 0 0 0 2 0 1 0 1 0 1/6 13:30 0:04 0:00
Colby Armstrong 1 0 1 -1 0 3 2 0 0 1 0/0 15:51 2:10 0:00
Dan Hamhuis 0 1 1 -1 0 3 2 1 1 0 0/0 25:05 2:57 6:49
Daniel Briere 0 1 1 -1 0 3 3 0 0 0 7/10 21:32 2:10 6:11
Evgeni Malkin 0 0 0 -1 0 2 0 0 0 1 18/30 24:46 2:30 6:07
Ian Cole 0 0 0 0 2 0 0 1 0 0 0/0 2:43 0:00 0:00
Karl Alzner 0 0 0 -2 0 0 2 1 1 0 0/0 21:22 1:47 3:46
Marc-André Bernier 0 0 0 0 4 1 0 0 1 0 1/1 12:17 0:00 0:00
Marian Hossa 0 0 0 0 2 1 0 0 0 1 0/0 17:58 2:34 3:22
Radim Vrbata 0 0 0 -1 0 0 0 0 0 0 0/0 5:35 0:00 0:00
Sergei Kostitsyn 0 0 0 -1 0 3 3 1 0 0 0/1 16:35 2:10 0:40
Thomas Vanek 0 0 0 0 0 1 1 1 0 0 1/2 18:10 2:34 3:33
Vladimir Mihalik 0 0 0 -2 0 0 1 1 0 1 0/0 21:22 1:47 3:46
3 Stars
1 - Andrei Kostitsyn (Col)
2 - Paul Stastny (Col)
3 - Bryan Little (Col)
Power Play
Avalanche - 1 on 6 Attempt(s) - 16.67%
Senateurs - 1 on 3 Attempt(s) - 33.33%
Penalty Kill
Avalanche - 2 on 3 Attempt(s) - 66.67%
- Score 0 goal in Penalty Kill
Senateurs - 5 on 6 Attempt(s) - 83.33%
- Score 0 goal in Penalty Kill
Team Stat
Avalanche - Hits : 22 - Faceoff Wins : 24 - Blocked Shots : 7 - Penalty Minutes : 6
Senateurs - Hits : 19 - Faceoff Wins : 29 - Blocked Shots : 9 - Penalty Minutes : 12
Official
Referees : Unknown
Linesman : Unknown
Game Notes
No Game Note
Finance
Level 1 -- Attendance: 5812 (96.87%) -- Ticket Income $482,396
Level 2 -- Attendance: 5000 (100.00%) -- Ticket Income $265,000
Level 3 -- Attendance: 2000 (100.00%) -- Ticket Income $66,000
Level 4 -- Attendance: 3987 (99.68%) -- Ticket Income $91,701
Luxury Box -- Attendance: 1000 (100.00%) -- Ticket Income $155,000
Game was played at the Place Banque Scotia.
Total Attendance: 17799 (98.88%)
Total Ticket Income: $1,060,097
Other Income: $159,015
Total Income: $1,219,112
Avalanche
5 vs 5 Forward
Center Left Wing Right Wing Time % Phy DF OF
1 Bryan Little Mikkel Boedker Patric Hornqvist 35 1 2 2
2 Paul Stastny Andrei Kostitsyn Alexander Radulov 30 1 2 2
3 Maxim Talbot Andrew Ladd Chuck Kobasew 20 1 2 2
4 Kyle Turris Zach Boychuk Damien Brunner 15 1 2 2
5 vs 5 Defense
Defense Defense Time % Phy DF OF
1 Pernell Karl Subban Jack Johnson 40 1 2 2
2 Marc Staal Mattias Ekholm 30 1 2 2
3 Johnny Boychuk Dan Boyle 30 1 2 2
4 Marc Staal Pernell Karl Subban 0 1 2 2
PowerPlay Forward
Center Left Wing Right Wing Time % Phy DF OF
1 Bryan Little Mikkel Boedker Patric Hornqvist 60 1 2 2
2 Paul Stastny Andrei Kostitsyn Alexander Radulov 40 1 2 2
PowerPlay Defense
Defense Defense Time % Phy DF OF
1 Dan Boyle Marc Staal 60 1 2 2
2 Pernell Karl Subban Jack Johnson 40 1 2 2
Penalty Kill 4 Players Forward
Center Wing Time % Phy DF OF
1 Andrew Ladd Chuck Kobasew 60 1 2 2
2 Paul Stastny Maxim Talbot 40 1 2 2
Penalty Kill 4 Players Defense
Defense Defense Time % Phy DF OF
1 Jack Johnson Marc Staal 60 1 2 2
2 Pernell Karl Subban Johnny Boychuk 40 1 2 2
Penalty Kill - 3 Players Forward
Forward Time % Phy DF OF
1 Chuck Kobasew 60 1 2 2
2 Andrew Ladd 40 1 2 2
Penalty Kill - 3 Players Defense
Defense Defense Time % Phy DF OF
1 Marc Staal Jack Johnson 60 1 2 2
2 Pernell Karl Subban Johnny Boychuk 40 1 2 2
4 vs 4 Forward
Center Wing Time % Phy DF OF
1 Patric Hornqvist Mikkel Boedker 60 1 2 2
2 Bryan Little Andrei Kostitsyn 40 1 2 2
4 vs 4 Defense
Defense Defense Time % Phy DF OF
1 Marc Staal Pernell Karl Subban 60 1 2 2
2 Jack Johnson Johnny Boychuk 40 1 2 2
Last Minutes Offensive
Center Left Wing Right Wing Defense Defense
Bryan Little Mikkel Boedker Patric Hornqvist Marc Staal Jack Johnson
Last Minutes Defensive
Center Left Wing Right Wing Defense Defense
Bryan Little Andrew Ladd Chuck Kobasew Marc Staal Jack Johnson
Goaltenders
Starting : Semyon Varlamov
Backup : Roberto Luongo
Extra Forwards
Normal : Andrew Ladd, Alexander Radulov, Maxim Talbot - PP : Andrew Ladd, Alexander Radulov - PK : Damien Brunner
Extra Defensemen
Normal : Marc Staal, Dan Boyle, Pernell Karl Subban - PP : Mattias Ekholm - PK : Jack Johnson, Pernell Karl Subban
Penalty Shots
Mikkel Boedker, Patric Hornqvist, Paul Stastny, Bryan Little, Andrei Kostitsyn
Scratches
Matt Irwin (Healthy)
Senateurs
5 vs 5 Forward
Center Left Wing Right Wing Time % Phy DF OF
1 Evgeni Malkin Thomas Vanek Marian Hossa 40 1 2 2
2 Daniel Briere Sergei Kostitsyn Colby Armstrong 30 1 2 2
3 Cody Hodgson Chris Kunitz Marc-André Bernier 20 1 2 2
4 Brandon Dubinsky Evgeni Malkin Radim Vrbata 10 1 2 2
5 vs 5 Defense
Defense Defense Time % Phy DF OF
1 Dan Hamhuis Cody Franson 40 1 2 2
2 Karl Alzner Vladimir Mihalik 30 1 2 2
3 Carlo Colaiacovo Brooks Orpik 20 1 2 2
4 Ian Cole Cody Franson 10 1 2 2
PowerPlay Forward
Center Left Wing Right Wing Time % Phy DF OF
1 Evgeni Malkin Thomas Vanek Marian Hossa 60 1 2 2
2 Daniel Briere Sergei Kostitsyn Colby Armstrong 40 1 2 2
PowerPlay Defense
Defense Defense Time % Phy DF OF
1 Dan Hamhuis Cody Franson 60 1 2 2
2 Karl Alzner Vladimir Mihalik 40 1 2 2
Penalty Kill 4 Players Forward
Center Wing Time % Phy DF OF
1 Evgeni Malkin Daniel Briere 60 1 2 2
2 Thomas Vanek Marian Hossa 40 1 2 2
Penalty Kill 4 Players Defense
Defense Defense Time % Phy DF OF
1 Dan Hamhuis Cody Franson 60 1 2 2
2 Karl Alzner Vladimir Mihalik 40 1 2 2
Penalty Kill - 3 Players Forward
Forward Time % Phy DF OF
1 Evgeni Malkin 60 1 2 2
2 Daniel Briere 40 1 2 2
Penalty Kill - 3 Players Defense
Defense Defense Time % Phy DF OF
1 Dan Hamhuis Cody Franson 60 1 2 2
2 Karl Alzner Vladimir Mihalik 40 1 2 2
4 vs 4 Forward
Center Wing Time % Phy DF OF
1 Evgeni Malkin Daniel Briere 60 1 2 2
2 Thomas Vanek Marian Hossa 40 1 2 2
4 vs 4 Defense
Defense Defense Time % Phy DF OF
1 Dan Hamhuis Cody Franson 60 1 2 2
2 Karl Alzner Vladimir Mihalik 40 1 2 2
Last Minutes Offensive
Center Left Wing Right Wing Defense Defense
Evgeni Malkin Thomas Vanek Marian Hossa Dan Hamhuis Cody Franson
Last Minutes Defensive
Center Left Wing Right Wing Defense Defense
Evgeni Malkin Thomas Vanek Marian Hossa Dan Hamhuis Cody Franson
Goaltenders
Starting : Ondrej Pavelec
Backup : Jeff Deslauriers
Extra Forwards
Normal : Cody Hodgson, Brandon Dubinsky, Chris Kunitz - PP : Cody Hodgson, Brandon Dubinsky - PK : Chris Kunitz
Extra Defensemen
Normal : Carlo Colaiacovo, Brooks Orpik, Ian Cole - PP : Carlo Colaiacovo - PK : Brooks Orpik, Ian Cole
Penalty Shots
Evgeni Malkin, Daniel Briere, Thomas Vanek, Marian Hossa, Colby Armstrong
Scratches
Brenden Morrow (Right Ankle Injury)
% Time on Ice - Avalanche
Lines # - Real PCT - Wanted PCT - Time Play
Normal Forward
1 - 32% - 35% - 14:30
2 - 27% - 30% - 11:58
3 - 23% - 20% - 10:29
4 - 17% - 15% - 7:44
Normal Defense
1 - 41% - 40% - 18:06
2 - 31% - 30% - 13:41
3 - 29% - 30% - 12:54
4 - 0% - 0% - 0:00
PP Forward
1 - 54% - 60% - 5:45
2 - 46% - 40% - 4:50
PP Defense
1 - 60% - 60% - 6:21
2 - 40% - 40% - 4:14
PK Forward
1 - 79% - 60% - 3:45
2 - 21% - 40% - 0:59
PK Defense
1 - 64% - 60% - 3:02
2 - 36% - 40% - 1:42
PK3 Forward
1 - 0% - 60%
2 - 0% - 40%
PK3 Defense
1 - 0% - 60%
2 - 0% - 40%
44 Forward
1 - 0% - 60%
2 - 0% - 40%
44 Defense
1 - 0% - 60%
2 - 0% - 40%
Last Minute Offensive - 0:00
Last Minute Defensive - 0:00
Total
Forward - 60:00
Defense - 60:00
|
% Time on Ice - Senateurs
Lines # - Real PCT - Wanted PCT - Time Play
Normal Forward
1 - 30% - 40% - 13:21
2 - 30% - 30% - 13:26
3 - 28% - 20% - 12:19
4 - 12% - 10% - 5:35
Normal Defense
1 - 34% - 40% - 15:19
2 - 35% - 30% - 15:49
3 - 25% - 20% - 11:17
4 - 5% - 10% - 2:16
PP Forward
1 - 54% - 60% - 2:34
2 - 46% - 40% - 2:10
PP Defense
1 - 62% - 60% - 2:57
2 - 38% - 40% - 1:47
PK Forward
1 - 66% - 60% - 7:02
2 - 34% - 40% - 3:33
PK Defense
1 - 64% - 60% - 6:49
2 - 36% - 40% - 3:46
PK3 Forward
1 - 0% - 60%
2 - 0% - 40%
PK3 Defense
1 - 0% - 60%
2 - 0% - 40%
44 Forward
1 - 0% - 60%
2 - 0% - 40%
44 Defense
1 - 0% - 60%
2 - 0% - 40%
Last Minute Offensive - 0:00
Last Minute Defensive - 0:00
Total
Forward - 60:00
Defense - 60:00
|
Play-by-Play
1st period
0:01 of 1st period - Bryan Little wins face-off versus Evgeni Malkin in neutral zone.
0:12 of 1st period - Snap shot by Mikkel Boedker.
0:12 of 1st period - Shot Misses the Net.
0:14 of 1st period - Wrist shot by Patric Hornqvist.
0:14 of 1st period - Shot Hit the Post.
0:16 of 1st period - Slapshot by Pernell Karl Subban.
0:16 of 1st period - Stopped by Ondrej Pavelec with a rebound.
0:26 of 1st period - Jack Johnson is hit by Colby Armstrong and loses puck.
0:37 of 1st period - Wrist shot by Colby Armstrong.
0:37 of 1st period - Shot Misses the Net.
0:48 of 1st period - Off-side.
0:49 of 1st period - Cody Hodgson wins face-off versus Maxim Talbot in neutral zone.
1:20 of 1st period - Snap shot by Patric Hornqvist.
1:20 of 1st period - Shot Misses the Net.
1:43 of 1st period - Off-side.
1:44 of 1st period - Paul Stastny wins face-off versus Sergei Kostitsyn in neutral zone.
1:47 of 1st period - Snap shot by Andrei Kostitsyn.
1:47 of 1st period - Goal by Andrei Kostitsyn - Avalanche : 1 - Senateurs : 0.
1:48 of 1st period - Paul Stastny wins face-off versus Brandon Dubinsky in neutral zone.
1:53 of 1st period - Wrist shot by Andrei Kostitsyn.
1:53 of 1st period - Stopped by Ondrej Pavelec with a rebound.
2:17 of 1st period - Vladimir Mihalik is hit by Marc Staal and loses puck.
2:22 of 1st period - Snap shot by Mikkel Boedker.
2:22 of 1st period - Stopped by Ondrej Pavelec with a rebound.
2:24 of 1st period - Slapshot by Marc Staal.
2:24 of 1st period - Shot Blocked by Karl Alzner.
2:26 of 1st period - Wrist shot by Bryan Little.
2:26 of 1st period - Shot Blocked by Sergei Kostitsyn.
3:04 of 1st period - Snap shot by Cody Hodgson.
3:04 of 1st period - Shot Misses the Net.
3:06 of 1st period - Snap shot by Chris Kunitz.
3:06 of 1st period - Stopped by Semyon Varlamov with a rebound.
3:26 of 1st period - Wrist shot by Colby Armstrong.
3:26 of 1st period - Shot Misses the Net.
3:46 of 1st period - Snap shot by Mikkel Boedker.
3:46 of 1st period - Shot Misses the Net.
3:48 of 1st period - Wrist shot by Patric Hornqvist.
3:48 of 1st period - Goal by Patric Hornqvist - Avalanche : 2 - Senateurs : 0.
3:49 of 1st period - Mikkel Boedker wins face-off versus Daniel Briere in neutral zone.
4:02 of 1st period - Slapshot by Daniel Briere.
4:02 of 1st period - Stopped by Semyon Varlamov with a rebound.
4:04 of 1st period - Slapshot by Dan Hamhuis.
4:04 of 1st period - Deflect By Daniel Briere.
4:04 of 1st period - Shot Misses the Net.
4:04 of 1st period - Puck is out of play.
4:05 of 1st period - Evgeni Malkin wins face-off versus Maxim Talbot in Avalanche zone.
4:16 of 1st period - Snap shot by Marc Staal.
4:16 of 1st period - Stopped by Ondrej Pavelec without a rebound.
4:17 of 1st period - Evgeni Malkin wins face-off versus Kyle Turris in Senateurs zone.
4:26 of 1st period - Wrist shot by Evgeni Malkin.
4:26 of 1st period - Shot Blocked by Kyle Turris.
4:28 of 1st period - Wrist shot by Marian Hossa.
4:28 of 1st period - Shot Misses the Net.
4:30 of 1st period - Slapshot by Dan Hamhuis.
4:30 of 1st period - Stopped by Semyon Varlamov with a rebound.
5:08 of 1st period - Minor Penalty to Marc-André Bernier for High sticking.
5:09 of 1st period - Evgeni Malkin wins face-off versus Mikkel Boedker in Senateurs zone.
5:13 of 1st period - Snap shot by Daniel Briere.
5:13 of 1st period - Stopped by Semyon Varlamov with a rebound.
5:41 of 1st period - Cody Franson is hit by Paul Stastny and loses puck.
7:08 of 1st period - Penalty to Marc-André Bernier is over, Marc-André Bernier is back on ice.
7:36 of 1st period - Slapshot by Cody Franson.
7:36 of 1st period - Stopped by Semyon Varlamov with a rebound.
8:52 of 1st period - Snap shot by Zach Boychuk.
8:52 of 1st period - Shot Misses the Net.
9:04 of 1st period - Johnny Boychuk is hit by Sergei Kostitsyn and loses puck.
12:50 of 1st period - Paul Stastny is hit by Chris Kunitz and loses puck.
13:12 of 1st period - Slapshot by Maxim Talbot.
13:12 of 1st period - Shot Blocked by Brandon Dubinsky.
13:14 of 1st period - Snap shot by Andrew Ladd.
13:14 of 1st period - Stopped by Ondrej Pavelec without a rebound.
13:15 of 1st period - Bryan Little wins face-off versus Evgeni Malkin in Senateurs zone.
13:32 of 1st period - Brooks Orpik is hit by Marc Staal and loses puck.
13:47 of 1st period - Colby Armstrong is hit by Paul Stastny and loses puck.
15:06 of 1st period - Chris Kunitz is hit by Andrei Kostitsyn and loses puck.
15:28 of 1st period - Dan Boyle is hit by Vladimir Mihalik and loses puck.
15:35 of 1st period - Minor Penalty to Andrew Ladd for High sticking.
15:36 of 1st period - Damien Brunner wins face-off versus Evgeni Malkin in Avalanche zone.
15:41 of 1st period - Snap shot by Jack Johnson.
15:41 of 1st period - Shot Blocked by Cody Franson.
16:03 of 1st period - Kyle Turris is hit by Colby Armstrong and loses puck.
16:11 of 1st period - Icing by Cody Franson.
16:12 of 1st period - Daniel Briere wins face-off versus Damien Brunner in Senateurs zone.
16:17 of 1st period - Slapshot by Dan Hamhuis.
16:17 of 1st period - Shot Blocked by Chuck Kobasew.
16:19 of 1st period - Slapshot by Dan Hamhuis.
16:19 of 1st period - Shot Blocked by Johnny Boychuk.
16:21 of 1st period - Snap shot by Cody Franson.
16:21 of 1st period - Goal by Cody Franson - Avalanche : 2 - Senateurs : 1.
16:22 of 1st period - Bryan Little wins face-off versus Evgeni Malkin in neutral zone.
16:38 of 1st period - Minor Penalty to Marian Hossa for Slashing.
16:39 of 1st period - Evgeni Malkin wins face-off versus Bryan Little in Senateurs zone.
16:47 of 1st period - Cody Franson is hit by Bryan Little and loses puck.
17:14 of 1st period - Slapshot by Marc Staal.
17:14 of 1st period - Stopped by Ondrej Pavelec with a rebound.
17:16 of 1st period - Slapshot by Paul Stastny.
17:16 of 1st period - Deflect By Alexander Radulov.
17:16 of 1st period - Stopped by Ondrej Pavelec without a rebound.
17:17 of 1st period - Paul Stastny wins face-off versus Thomas Vanek in Senateurs zone.
17:18 of 1st period - Snap shot by Andrei Kostitsyn.
17:18 of 1st period - Goal by Andrei Kostitsyn - Avalanche : 3 - Senateurs : 1.
17:19 of 1st period - Evgeni Malkin wins face-off versus Bryan Little in neutral zone.
18:12 of 1st period - Wrist shot by Bryan Little.
18:12 of 1st period - Stopped by Ondrej Pavelec with a rebound.
18:22 of 1st period - Slapshot by Sergei Kostitsyn.
18:22 of 1st period - Shot Blocked by Andrei Kostitsyn.
18:36 of 1st period - Wrist shot by Andrew Ladd.
18:36 of 1st period - Shot Blocked by Ian Cole.
18:45 of 1st period - Minor Penalty to Ian Cole for Charging.
18:46 of 1st period - Evgeni Malkin wins face-off versus Paul Stastny in Senateurs zone.
19:17 of 1st period - Karl Alzner is hit by Bryan Little.
Goals for this period are 3 for Avalanche vs 1 for Senateurs.
Shots for this period are 11 for Avalanche vs 6 for Senateurs.
2nd period
0:01 of 2nd period - Evgeni Malkin wins face-off versus Bryan Little in neutral zone.
0:34 of 2nd period - Andrei Kostitsyn is hit by Karl Alzner.
0:45 of 2nd period - Penalty to Ian Cole is over, Ian Cole is back on ice.
1:29 of 2nd period - Icing by Andrew Ladd.
1:30 of 2nd period - Chuck Kobasew wins face-off versus Cody Hodgson in Avalanche zone.
1:35 of 2nd period - Wrist shot by Chris Kunitz.
1:35 of 2nd period - Stopped by Semyon Varlamov with a rebound.
1:53 of 2nd period - Jack Johnson is hit by Dan Hamhuis and loses puck.
2:21 of 2nd period - Minor Penalty to Patric Hornqvist for High sticking.
2:22 of 2nd period - Evgeni Malkin wins face-off versus Andrew Ladd in Avalanche zone.
2:24 of 2nd period - Snap shot by Evgeni Malkin.
2:24 of 2nd period - Shot Misses the Net.
2:26 of 2nd period - Wrist shot by Marian Hossa.
2:26 of 2nd period - Shot Blocked by Andrew Ladd.
3:39 of 2nd period - Paul Stastny is hit by Dan Hamhuis and loses puck.
4:21 of 2nd period - Penalty to Patric Hornqvist is over, Patric Hornqvist is back on ice.
4:34 of 2nd period - Snap shot by Chris Kunitz.
4:34 of 2nd period - Stopped by Semyon Varlamov with a rebound.
4:51 of 2nd period - Minor Penalty to Chris Kunitz for Goalie Interference.
4:52 of 2nd period - Bryan Little wins face-off versus Evgeni Malkin in Senateurs zone.
4:52 of 2nd period - Snap shot by Mikkel Boedker.
4:52 of 2nd period - Stopped by Ondrej Pavelec without a rebound.
4:53 of 2nd period - Evgeni Malkin wins face-off versus Patric Hornqvist in Senateurs zone.
5:39 of 2nd period - Thomas Vanek is hit by Alexander Radulov and loses puck.
5:46 of 2nd period - Wrist shot by Alexander Radulov.
5:46 of 2nd period - Stopped by Ondrej Pavelec without a rebound.
5:47 of 2nd period - Evgeni Malkin wins face-off versus Paul Stastny in Senateurs zone.
5:56 of 2nd period - Slapshot by Alexander Radulov.
5:56 of 2nd period - Stopped by Ondrej Pavelec with a rebound.
5:58 of 2nd period - Wrist shot by Alexander Radulov.
5:58 of 2nd period - Stopped by Ondrej Pavelec without a rebound.
5:59 of 2nd period - Daniel Briere wins face-off versus Bryan Little in Senateurs zone.
6:19 of 2nd period - Wrist shot by Paul Stastny.
6:19 of 2nd period - Shot Misses the Net.
6:51 of 2nd period - Penalty to Chris Kunitz is over, Chris Kunitz is back on ice.
7:00 of 2nd period - Karl Alzner is hit by Chuck Kobasew and loses puck.
7:05 of 2nd period - Jack Johnson is hit by Cody Hodgson and loses puck.
8:01 of 2nd period - Daniel Briere is hit by Alexander Radulov and loses puck.
8:08 of 2nd period - Snap shot by Andrei Kostitsyn.
8:08 of 2nd period - Stopped by Ondrej Pavelec without a rebound.
8:09 of 2nd period - Alexander Radulov wins face-off versus Cody Hodgson in Senateurs zone.
8:19 of 2nd period - Off-side.
8:20 of 2nd period - Daniel Briere wins face-off versus Paul Stastny in neutral zone.
10:26 of 2nd period - Slapshot by Daniel Briere.
10:26 of 2nd period - Shot Misses the Net.
10:40 of 2nd period - Chuck Kobasew is hit by Carlo Colaiacovo and loses puck.
11:03 of 2nd period - Slapshot by Colby Armstrong.
11:03 of 2nd period - Shot Misses the Net.
11:09 of 2nd period - Dan Boyle is hit by Sergei Kostitsyn and loses puck.
11:22 of 2nd period - Snap shot by Alexander Radulov.
11:22 of 2nd period - Stopped by Ondrej Pavelec without a rebound.
11:23 of 2nd period - Paul Stastny wins face-off versus Cody Hodgson in Senateurs zone.
11:44 of 2nd period - Minor Penalty to Cody Hodgson for Hooking.
11:45 of 2nd period - Evgeni Malkin wins face-off versus Bryan Little in Senateurs zone.
11:54 of 2nd period - Slapshot by Dan Boyle.
11:54 of 2nd period - Stopped by Ondrej Pavelec with a rebound.
11:56 of 2nd period - Slapshot by Mikkel Boedker.
11:56 of 2nd period - Shot Hit the Post.
12:22 of 2nd period - Thomas Vanek is hit by Paul Stastny and loses puck.
13:13 of 2nd period - Dan Boyle is hit by Karl Alzner and loses puck.
13:32 of 2nd period - Dan Boyle is hit by Thomas Vanek and loses puck.
13:44 of 2nd period - Penalty to Cody Hodgson is over, Cody Hodgson is back on ice.
15:02 of 2nd period - Vladimir Mihalik is hit by Johnny Boychuk.
15:03 of 2nd period - Icing by Vladimir Mihalik.
15:04 of 2nd period - Kyle Turris wins face-off versus Daniel Briere in Senateurs zone.
15:24 of 2nd period - Off-side.
15:25 of 2nd period - Paul Stastny wins face-off versus Cody Hodgson in neutral zone.
15:50 of 2nd period - Chris Kunitz is hit by Johnny Boychuk and loses puck.
16:27 of 2nd period - Minor Penalty to Marc-André Bernier for Tripping.
16:28 of 2nd period - Evgeni Malkin wins face-off versus Bryan Little in Senateurs zone.
16:53 of 2nd period - Cody Franson is hit by Pernell Karl Subban and loses puck.
18:27 of 2nd period - Penalty to Marc-André Bernier is over, Marc-André Bernier is back on ice.
18:44 of 2nd period - Slapshot by Marc Staal.
18:44 of 2nd period - Shot Blocked by Carlo Colaiacovo.
19:14 of 2nd period - Snap shot by Thomas Vanek.
19:14 of 2nd period - Stopped by Semyon Varlamov without a rebound.
19:15 of 2nd period - Maxim Talbot wins face-off versus Brandon Dubinsky in Avalanche zone.
19:39 of 2nd period - Bryan Little is hit by Sergei Kostitsyn and loses puck.
19:45 of 2nd period - Icing by Mikkel Boedker.
19:46 of 2nd period - Evgeni Malkin wins face-off versus Bryan Little in Avalanche zone.
19:51 of 2nd period - Snap shot by Evgeni Malkin.
19:51 of 2nd period - Stopped by Semyon Varlamov without a rebound.
19:52 of 2nd period - Evgeni Malkin wins face-off versus Bryan Little in Avalanche zone.
Goals for this period are 0 for Avalanche vs 0 for Senateurs.
Shots for this period are 7 for Avalanche vs 4 for Senateurs.
3rd period
0:01 of 3rd period - Bryan Little wins face-off versus Evgeni Malkin in neutral zone.
0:04 of 3rd period - Slapshot by Jack Johnson.
0:04 of 3rd period - Shot Misses the Net.
0:26 of 3rd period - Pernell Karl Subban is hit by Daniel Briere and loses puck.
0:37 of 3rd period - Wrist shot by Sergei Kostitsyn.
0:37 of 3rd period - Stopped by Semyon Varlamov with a rebound.
0:39 of 3rd period - Wrist shot by Karl Alzner.
0:39 of 3rd period - Shot Misses the Net.
0:52 of 3rd period - Icing by Alexander Radulov.
0:53 of 3rd period - Marc-André Bernier wins face-off versus Paul Stastny in Avalanche zone.
1:00 of 3rd period - Backhand shot by Cody Franson.
1:00 of 3rd period - Shot Misses the Net.
1:02 of 3rd period - Snap shot by Marc-André Bernier.
1:02 of 3rd period - Stopped by Semyon Varlamov with a rebound.
1:04 of 3rd period - Snap shot by Chris Kunitz.
1:04 of 3rd period - Deflect By Marc-André Bernier.
1:04 of 3rd period - Shot Misses the Net.
1:04 of 3rd period - Puck is out of play.
1:05 of 3rd period - Bryan Little wins face-off versus Evgeni Malkin in Avalanche zone.
1:20 of 3rd period - Wrist shot by Thomas Vanek.
1:20 of 3rd period - Shot Misses the Net.
1:30 of 3rd period - Daniel Briere is hit by Chuck Kobasew and loses puck.
1:35 of 3rd period - Snap shot by Andrew Ladd.
1:35 of 3rd period - Shot Blocked by Dan Hamhuis.
1:53 of 3rd period - Wrist shot by Paul Stastny.
1:53 of 3rd period - Stopped by Ondrej Pavelec with a rebound.
2:15 of 3rd period - Slapshot by Zach Boychuk.
2:15 of 3rd period - Stopped by Ondrej Pavelec with a rebound.
2:19 of 3rd period - Snap shot by Zach Boychuk.
2:19 of 3rd period - Stopped by Ondrej Pavelec without a rebound.
2:20 of 3rd period - Daniel Briere wins face-off versus Bryan Little in Senateurs zone.
2:33 of 3rd period - Wrist shot by Daniel Briere.
2:33 of 3rd period - Stopped by Semyon Varlamov without a rebound.
2:34 of 3rd period - Bryan Little wins face-off versus Evgeni Malkin in Avalanche zone.
2:39 of 3rd period - Snap shot by Evgeni Malkin.
2:39 of 3rd period - Stopped by Semyon Varlamov without a rebound.
2:40 of 3rd period - Thomas Vanek wins face-off versus Bryan Little in Avalanche zone.
2:47 of 3rd period - Wrist shot by Thomas Vanek.
2:47 of 3rd period - Deflect By Evgeni Malkin.
2:47 of 3rd period - Shot Misses the Net.
2:47 of 3rd period - Puck is out of play.
2:48 of 3rd period - Bryan Little wins face-off versus Evgeni Malkin in Avalanche zone.
3:19 of 3rd period - Slapshot by Colby Armstrong.
3:19 of 3rd period - Stopped by Semyon Varlamov without a rebound.
3:20 of 3rd period - Evgeni Malkin wins face-off versus Andrei Kostitsyn in Avalanche zone.
3:25 of 3rd period - Wrist shot by Evgeni Malkin.
3:25 of 3rd period - Shot Blocked by Paul Stastny.
3:45 of 3rd period - Karl Alzner is hit by Patric Hornqvist.
3:49 of 3rd period - Snap shot by Bryan Little.
3:49 of 3rd period - Goal by Bryan Little - Avalanche : 4 - Senateurs : 1.
3:50 of 3rd period - Bryan Little wins face-off versus Evgeni Malkin in neutral zone.
4:29 of 3rd period - Snap shot by Andrew Ladd.
4:29 of 3rd period - Stopped by Ondrej Pavelec without a rebound.
4:30 of 3rd period - Daniel Briere wins face-off versus Patric Hornqvist in Senateurs zone.
4:37 of 3rd period - Snap shot by Sergei Kostitsyn.
4:37 of 3rd period - Stopped by Semyon Varlamov with a rebound.
5:03 of 3rd period - Mattias Ekholm is hit by Brooks Orpik and loses puck.
5:22 of 3rd period - Off-side.
5:23 of 3rd period - Brandon Dubinsky wins face-off versus Maxim Talbot in neutral zone.
5:32 of 3rd period - Slapshot by Dan Hamhuis.
5:32 of 3rd period - Stopped by Semyon Varlamov with a rebound.
5:50 of 3rd period - Bryan Little is hit by Daniel Briere and loses puck.
6:15 of 3rd period - Icing by Chris Kunitz.
6:16 of 3rd period - Paul Stastny wins face-off versus Cody Hodgson in Senateurs zone.
6:19 of 3rd period - Slapshot by Andrei Kostitsyn.
6:19 of 3rd period - Stopped by Ondrej Pavelec with a rebound.
6:21 of 3rd period - Wrist shot by Andrei Kostitsyn.
6:21 of 3rd period - Stopped by Ondrej Pavelec with a rebound.
6:23 of 3rd period - Snap shot by Andrei Kostitsyn.
6:23 of 3rd period - Shot Misses the Net.
6:41 of 3rd period - Vladimir Mihalik is hit by Bryan Little and loses puck.
6:52 of 3rd period - Wrist shot by Bryan Little.
6:52 of 3rd period - Shot Misses the Net.
7:29 of 3rd period - Snap shot by Evgeni Malkin.
7:29 of 3rd period - Shot Misses the Net.
7:33 of 3rd period - Wrist shot by Radim Vrbata.
7:33 of 3rd period - Shot Blocked by Andrew Ladd.
7:35 of 3rd period - Slapshot by Carlo Colaiacovo.
7:35 of 3rd period - Deflect By Evgeni Malkin.
7:35 of 3rd period - Shot Misses the Net.
7:35 of 3rd period - Puck is out of play.
7:36 of 3rd period - Daniel Briere wins face-off versus Paul Stastny in Avalanche zone.
8:12 of 3rd period - Thomas Vanek is hit by Johnny Boychuk and loses puck.
8:53 of 3rd period - Snap shot by Sergei Kostitsyn.
8:53 of 3rd period - Shot Misses the Net.
9:03 of 3rd period - Brandon Dubinsky is hit by Paul Stastny.
9:47 of 3rd period - Slapshot by Colby Armstrong.
9:47 of 3rd period - Deflect By Sergei Kostitsyn.
9:47 of 3rd period - Stopped by Semyon Varlamov with a rebound.
10:03 of 3rd period - Wrist shot by Andrew Ladd.
10:03 of 3rd period - Stopped by Ondrej Pavelec with a rebound.
10:07 of 3rd period - Snap shot by Andrew Ladd.
10:07 of 3rd period - Stopped by Ondrej Pavelec with a rebound.
10:09 of 3rd period - Slapshot by Chuck Kobasew.
10:09 of 3rd period - Shot Misses the Net.
10:25 of 3rd period - Backhand shot by Johnny Boychuk.
10:25 of 3rd period - Stopped by Ondrej Pavelec with a rebound.
10:27 of 3rd period - Snap shot by Alexander Radulov.
10:27 of 3rd period - Deflect By Andrei Kostitsyn.
10:27 of 3rd period - Shot Misses the Net.
10:27 of 3rd period - Puck is out of play.
10:28 of 3rd period - Bryan Little wins face-off versus Daniel Briere in Senateurs zone.
10:55 of 3rd period - Paul Stastny is hit by Brooks Orpik and loses puck.
12:03 of 3rd period - Snap shot by Mikkel Boedker.
12:03 of 3rd period - Stopped by Ondrej Pavelec with a rebound.
12:15 of 3rd period - Marc Staal is hit by Daniel Briere and loses puck.
12:22 of 3rd period - Backhand shot by Colby Armstrong.
12:22 of 3rd period - Stopped by Semyon Varlamov with a rebound.
12:24 of 3rd period - Slapshot by Dan Hamhuis.
12:24 of 3rd period - Stopped by Semyon Varlamov without a rebound.
12:25 of 3rd period - Evgeni Malkin wins face-off versus Bryan Little in Avalanche zone.
12:30 of 3rd period - Snap shot by Thomas Vanek.
12:30 of 3rd period - Shot Misses the Net.
12:38 of 3rd period - Snap shot by Mikkel Boedker.
12:38 of 3rd period - Shot Blocked by Thomas Vanek.
13:00 of 3rd period - Snap shot by Alexander Radulov.
13:00 of 3rd period - Stopped by Ondrej Pavelec without a rebound.
13:01 of 3rd period - Daniel Briere wins face-off versus Bryan Little in Senateurs zone.
13:01 of 3rd period - Daniel Briere is hit by Bryan Little.
13:27 of 3rd period - Cody Franson is hit by Damien Brunner.
13:37 of 3rd period - Snap shot by Zach Boychuk.
13:37 of 3rd period - Stopped by Ondrej Pavelec with a rebound.
13:39 of 3rd period - Wrist shot by Zach Boychuk.
13:39 of 3rd period - Deflect By Damien Brunner.
13:39 of 3rd period - Stopped by Ondrej Pavelec without a rebound.
13:40 of 3rd period - Evgeni Malkin wins face-off versus Bryan Little in Senateurs zone.
14:07 of 3rd period - Dan Hamhuis is hit by Johnny Boychuk and loses puck.
15:57 of 3rd period - Wrist shot by Chuck Kobasew.
15:57 of 3rd period - Shot Blocked by Vladimir Mihalik.
15:59 of 3rd period - Slapshot by Mattias Ekholm.
15:59 of 3rd period - Stopped by Ondrej Pavelec with a rebound.
16:01 of 3rd period - Slapshot by Chuck Kobasew.
16:01 of 3rd period - Shot Misses the Net.
16:03 of 3rd period - Snap shot by Chuck Kobasew.
16:03 of 3rd period - Shot Hit the Post.
16:25 of 3rd period - Wrist shot by Colby Armstrong.
16:25 of 3rd period - Goal by Colby Armstrong - Avalanche : 4 - Senateurs : 2.
16:26 of 3rd period - Maxim Talbot wins face-off versus Evgeni Malkin in neutral zone.
16:31 of 3rd period - Snap shot by Maxim Talbot.
16:31 of 3rd period - Shot Misses the Net.
16:41 of 3rd period - Snap shot by Thomas Vanek.
16:41 of 3rd period - Shot Misses the Net.
17:06 of 3rd period - Minor Penalty to Zach Boychuk for Holding.
17:07 of 3rd period - Evgeni Malkin wins face-off versus Andrew Ladd in Avalanche zone.
17:08 of 3rd period - Wrist shot by Thomas Vanek.
17:08 of 3rd period - Shot Misses the Net.
17:22 of 3rd period - Snap shot by Thomas Vanek.
17:22 of 3rd period - Deflect By Marian Hossa.
17:22 of 3rd period - Stopped by Semyon Varlamov without a rebound.
17:23 of 3rd period - Andrew Ladd wins face-off versus Evgeni Malkin in Avalanche zone.
19:06 of 3rd period - Penalty to Zach Boychuk is over, Zach Boychuk is back on ice.
19:41 of 3rd period - Wrist shot by Paul Stastny.
19:41 of 3rd period - Shot Misses the Net.
Goals for this period are 1 for Avalanche vs 1 for Senateurs.
Shots for this period are 15 for Avalanche vs 12 for Senateurs.
Back to the Top